 Dungeon Sprint DCSS version 0.18-a0-1346-g721e183 (console) character file.

38 sorlin the Magician (level 3, -1/19 HPs)
             Began as a Deep Elf Ice Elementalist on Feb 16, 2016.
             Was an Initiate of Vehumet.
             Slain by an orc warrior
             ... wielding a +0 mace
              (11 damage)
             ... in the Dungeon (Sprint IX: "|||||||||||||||||||||||||||||").
             The game lasted 00:03:15 (482 turns).

sorlin the Magician (Deep Elf Ice Elementalist)      Turns: 482, Time: 00:03:15

Health: -1/19      AC: 13    Str:  5    XL:     3   Next: 25%
Magic:  2/13       EV: 13    Int: 20    God:    Vehumet [......]
Gold:   0          SH:  0    Dex: 15    Spells: 3 memorised, 9 levels left

rFire  . . .     SeeInvis .     p - +4 quarterstaff (speed)
rCold  . . .     Gourm    .     a - +0 robe
rNeg   . . .     Faith    .     (shield currently unavailable)
rPois  .         Spirit   .     (no helmet)
rElec  .         Dismiss  .     (no cloak)
rCorr  .         Reflect  .     q - +0 pair of gloves
SustAt .         Harm     .     (no boots)
MR     .....     NoTele   +     (no amulet)
Stlth  ++........               s - +2 ring of protection
                                r - +2 ring of protection

@: icy armour, slow, not resistant to hostile enchantments, unstealthy
A: no striking features
a: Renounce Religion


You were in the Dungeon.
You worshipped Vehumet.
Vehumet was noncommittal.
You were not hungry.

You visited 1 branch

Inventory:

Hand Weapons
 p - a +4 quarterstaff of speed (weapon)
Armour
 a - a +0 robe (worn)
 o - a +0 helmet (quivered)
 q - a +0 pair of gloves (worn)
Magical Staves
 k - an uncursed staff of energy
Jewellery
 r - a +2 ring of protection (left hand)
 s - a +2 ring of protection (right hand)
Wands
 n - a wand of iceblast (7/15)
Scrolls
 i - 2 scrolls of blinking
 l - 3 scrolls of remove curse
 m - 2 scrolls of amnesia
Potions
 d - a potion of invisibility
 e - 2 potions of heal wounds
 f - a potion of haste
 g - 4 potions of magic
 h - a potion of berserk rage
 j - 4 potions of curing
Books
 b - a book of Frost

   Spells                             Type                      Level
   a - Freeze                         Ice                          1
   b - Throw Frost                    Conjuration/Ice              2
   c - Ozocubu's Armour               Charms/Ice                   3
   d - Throw Icicle                   Conjuration/Ice              4
   e - Summon Ice Beast               Ice/Summoning                4
Comestibles
 c - a bread ration


   Skills:
 - Level 2.4 Dodging
 + Level 3.2 Stealth
 + Level 6.5 Spellcasting
 * Level 1.1 Conjurations
 + Level 0.0 Charms
 + Level 5.8 Ice Magic


You had 9 spell levels left.
You knew the following spells:

 Your Spells              Type           Power        Failure   Level  Hunger
a - Freeze                Ice            ####         1%          1    None
b - Throw Frost           Conj/Ice       ###...       3%          2    None
o - Ozocubu's Armour      Chrm/Ice       ###.....     10%         3    #......


Dungeon Overview and Level Annotations

Branches:
Dungeon (1/1)

Altars:
Cheibriados
Dithmenos
Elyvilon
Fedhas
Gozag
Kikubaaqudgha
Makhleb
Nemelex Xobeh
Okawaru
Pakellas
Qazlal
Ru
Sif Muna
Trog
Vehumet
Xom
Yredelemnul
Zin
The Shining One
Beogh
Jiyva
Lugonu


Message History

The orc warrior is heavily wounded.
The orc warrior closely misses you.
Casting: Throw Frost
Confirm with . or Enter, or press ? or * to list all spells.
Aiming: Freeze
Press: ? - help, Shift-Dir - straight line, f/p - orc warrior
Aim: an orc warrior, wielding a mace and wearing a plate armour (heavily wounded)
You freeze the orc warrior.
The orc warrior is heavily wounded.
The orc warrior closely misses you.
Casting: Freeze
Confirm with . or Enter, or press ? or * to list all spells.
Aiming: Freeze
Press: ? - help, Shift-Dir - straight line, f/p - orc warrior
Aim: an orc warrior, wielding a mace and wearing a plate armour (heavily wounded)
You freeze the orc warrior.
The orc warrior is almost dead.
The orc warrior hits you with a mace!
Ouch! That really hurt!
You die...

▓_▓
▓_▓
▓_▓
▓'▓
▓.▓
▓.▓
▓c▓
▓c▓
▓h▓
▓o▓
▓@▓
▓.▓
▓.▓
▓.▓
▓.▓
▓'▓
▓.▓
▓.▓
▓.▓
▓<▓
▓▓▓


You could see an orc warrior, 2 centaurs and a hound.

Vanquished Creatures
  A worker ant (D)
  An adder zombie (D)
  An adder skeleton (D)
  An orc (D)
  A bat skeleton (D)
  2 kobolds (D)
  2 giant newts (D)
  A goblin (D)
10 creatures vanquished.

Notes
Turn   | Place    | Note
--------------------------------------------------------------
     0 | D        | sorlin the Deep Elf Ice Elementalist began the quest for the Orb.
     0 | D        | Reached XP level 1. HP: 10/10 MP: 6/6
    13 | D        | Reached skill level 4 in Spellcasting
    80 | D        | Noticed a worker ant
    89 | D        | Killed a worker ant
    89 | D        | Reached skill level 6 in Spellcasting
    89 | D        | Reached skill level 5 in Ice Magic
    89 | D        | Reached XP level 2. HP: 15/15 MP: 4/11
    90 | D        | Reached XP level 3. HP: 19/19 MP: 3/12
   361 | D        | Learned a level 3 spell: Ozocubu's Armour
   364 | D        | Learned a level 2 spell: Throw Frost
   371 | D        | Found a glowing silver altar of Zin.
   371 | D        | Found a glowing golden altar of the Shining One.
   371 | D        | Found an ancient bone altar of Kikubaaqudgha.
   371 | D        | Found a basalt altar of Yredelemnul.
   371 | D        | Found a shimmering altar of Xom.
   371 | D        | Found a radiant altar of Vehumet.
   372 | D        | Found an iron altar of Okawaru.
   373 | D        | Found a burning altar of Makhleb.
   374 | D        | Found a deep blue altar of Sif Muna.
   375 | D        | Found a bloodstained altar of Trog.
   376 | D        | Found a sparkling altar of Nemelex Xobeh.
   377 | D        | Found a white marble altar of Elyvilon.
   378 | D        | Found a roughly hewn altar of Beogh.
   379 | D        | Became a worshipper of Vehumet
   380 | D        | Found a viscous altar of Jiyva.
   381 | D        | Found a corrupted altar of Lugonu.
   382 | D        | Found a blossoming altar of Fedhas.
   383 | D        | Found a snail-covered altar of Cheibriados.
   384 | D        | Found a shadowy altar of Dithmenos.
   385 | D        | Found a stormy altar of Qazlal.
   386 | D        | Found an opulent altar of Gozag.
   387 | D        | Found a sacrificial altar of Ru.
   388 | D        | Found an oddly glowing altar of Pakellas.
   432 | D        | Noticed a centaur
   432 | D        | Noticed a centaur
   432 | D        | Noticed an orc warrior
   482 | D        | Slain by an orc warrior

Vault maps used:
D:        linesprint

Action                   || total
-------------------------++-------
Melee: Club              ||    25
 Cast: Freeze            ||    24
       Ozocubu's Armour  ||     2
       Throw Frost       ||     1
  Use: Potion            ||     2
